 Dungeon Crawl Stone Soup version 0.29-a0-483-g69413ace17 (webtiles) character file.

Game seed: 12403995925759748023

23 oldark the Cudgeller (level 2, -6/27 HPs)
             Began as a Deep Dwarf Monk on May 25, 2022.
             Mangled by Terence
             ... wielding a +0 morningstar
              (8 damage)
             ... on level 2 of the Dungeon.
             The game lasted 00:02:11 (941 turns).

oldark the Cudgeller (Deep Dwarf Monk)               Turns: 941, Time: 00:02:11

Health: -6/27      AC:  9    Str: 14    XL:     2   Next: 75%
Magic:  2/2        EV:  7    Int: 10    God:
Gold:   33         SH:  0    Dex: 15    Spells: 1/1 levels left

rFire   . . .      SeeInvis .   a - +0 mace
rCold   . . .      Faith    .   (no shield)
rNeg    . . .      Spirit   .   h - +0 chain mail
rPois   .          Reflect  .   (no helmet)
rElec   .          Harm     .   (no cloak)
rCorr   .          Rampage  .   e - +0 pair of gloves
Will    .....                   (no boots)
Stlth   ..........              (no amulet)
HPRegen 0.00/turn               (no ring)
MPRegen 0.08/turn               (no ring)

@: no status effects
A: damage resistance, heal wounds, sense surroundings 1, no regeneration
a: Heal Wounds


You were on level 2 of the Dungeon.
You visited 1 branch of the dungeon, and saw 2 of its levels.

You collected 33 gold pieces.

Inventory:

Hand Weapons
 a - a +0 mace (weapon)
Missiles
 d - a throwing net
Armour
 e - a +0 pair of gloves (worn)
 h - a +0 chain mail (worn)
Scrolls
 b - a scroll of teleportation {unknown}
 f - a scroll of identify {unknown}
 g - a scroll of enchant weapon {unknown}
Potions
 c - a potion of ambrosia


   Skills:
 + Level 2.9 Fighting
 * Level 3.5 Maces & Flails
 + Level 1.1 Armour
 - Level 3.2 Dodging
 - Level 2.4 Stealth


You had one spell level left.
You didn't know any spells.
Your spell library contained the following spells:

 Spells                   Type           Power      Damage    Failure   Level
 Poisonous Vapours        Pois/Air       0%         N/A       100%        2
 Corpse Rot               Necr/Pois/Air  0%         N/A       100%        4


Dungeon Overview and Level Annotations

Branches:
Dungeon (2/15)

Altars:

Shops:
D:1 *

Annotations:
D:2 Terence


Innate Abilities, Weirdness & Mutations

You are resistant to damage.
You can heal yourself by infusing magical energy.
You passively map a small area around you.
You do not regenerate.


Message History

There is a stone staircase leading up here.
The quokka bites you.
You climb upwards.
There is a stone staircase leading down here.
You hit the quokka but do no damage. The quokka bites you.
The quokka bites you but does no damage.
You barely miss the quokka.
The quokka bites you but does no damage.
You closely miss the quokka. The quokka bites you.
You hit the quokka.
The quokka is severely wounded.
The quokka bites you but does no damage.
The quokka barely misses you.
You barely miss the quokka.
The quokka is severely wounded.
The quokka bites you but does no damage.
You closely miss the quokka.
The quokka is severely wounded.
The quokka closely misses you. The quokka bites you.
You hit the quokka but do no damage.
The quokka is severely wounded.
The quokka closely misses you.
You hit the quokka but do no damage.
The quokka is severely wounded.
The quokka bites you. The quokka barely misses you.
You hit the quokka.
You kill the quokka!
You see here a quokka corpse.
There is a stone staircase leading down here.
You climb downwards.
Level annotation: Terence Terence hits you with a +0 morningstar.
There is a stone staircase leading up here.
You closely miss Terence. Terence hits you with a +0 morningstar!
You hit Terence.
Terence is lightly wounded.
Terence hits you with a +0 morningstar!
* * * LOW HITPOINT WARNING * * *
Terence hits you with a +0 morningstar!
You die...

, , , # #...# *
, #.#...# , , ,
, , .#?..##* * *
, ....., *
##...# * ,, ,
#....# , ,
...##...@##.#...
,
........@.......
, *
#####...........
.........#.#...
* *
*####.....#,# .
, .......# * * *
###...... , ,
#.#....., *
#........ * * *
, ,


You could see Terence.

Vanquished Creatures
  A dart slug (D:1)
  2 bats (D:1)
  3 giant cockroaches (D:1)
  2 hobgoblins (D:1)
  2 jackals (D:1)
  3 kobolds (D:1)
  A quokka (D:1)
  A ball python (D:1)
  3 frilled lizards (D:1)
  2 rats (D:1)
20 creatures vanquished.

Notes
Turn   | Place    | Note
-------+----------+-------------------------------------------
     0 | D:1      | oldark the Deep Dwarf Monk began the quest for the Orb.
     0 | D:1      | Reached XP level 1. HP: 20/20 MP: 1/1
   190 | D:1      | Reached XP level 2. HP: 27/27 MP: 2/2
   209 | D:1      | Found a faded altar of an unknown god.
   292 | D:1      | Reached skill level 1 in Armour
   512 | D:1      | Found Eneotam's Assorted Antiques.
   922 | D:2      | Noticed Terence
   941 | D:2      | Mangled by Terence

Illustrated notes

Levels and vault maps discovered:
D:1:      saegor_arrival_fortress, layout_loops_ring, serial_shops,
          shop_fountains, chequers_ecumenical_altar_grove, serial_park_tiny_pond
D:2:      layout_basic, serial_shops, nicolae_shop_advertising_works
          [nicolae_subvault_shop_adworks], uniq_crazy_yiuf_cottage, uniq_terence

Skill      XL: |  1  2 |
---------------+-------+-----
Armour         | 1 |  1.1
Fighting       | |  2.9
Maces & Flails | |  3.5
Dodging        | |  3.2
Stealth        | |  2.4

Action                   || total
-------------------------++-------
Melee: Mace              ||    72
  Use: Potion            ||     1
 Stab: Sleeping          ||     2
Armor: Ring mail         ||    30
       Chain mail        ||     4
Dodge: Dodged            ||    42

Table legend: (Time is in decaauts)
 A = Elapsed time spent in this place.
 B = Non-inter-level travel time spent in this place.
 C = Inter-level travel time spent in this place.
 D = Time resting spent in this place.
 E = Time spent auto-exploring this place.
 F = Levels seen in this place.
 G = Mean time per level.
                   A        B        C        D        E       F      G
               +--------+--------+--------+--------+--------+-----+--------+
         Total |    958 |    938 |     20 |      0 |    719 |   2 |  479.0 |
       Dungeon |    958 |    938 |     20 |      0 |    719 |   2 |  479.0 |
               +--------+--------+--------+--------+--------+-----+--------+

Top non-repeatable levels by time:
     D:1: 952 daAuts
     D:2: 6 daAuts
